 Dungeon Crawl Stone Soup version 0.21.0-37-g46506fa (webtiles) character file.

101 Zhenya24pyc the Skirmisher (level 4, 0/29 HPs)
             Began as a Gargoyle Fighter on Feb 1, 2018.
             Killed by divine providence
             ... invoked by an orc priest
              (12 damage)
             ... on level 3 of the Dungeon.
             The game lasted 00:03:23 (1596 turns).

Zhenya24pyc the Skirmisher (Gargoyle Fighter)       Turns: 1596, Time: 00:03:24

Health: 0/29       AC: 11    Str: 21    XL:     4   Next: 75%
Magic:  4/4        EV:  7    Int:  8    God:
Gold:   61         SH:  9    Dex:  9    Spells: 3/3 levels left

rFire    . . .     SeeInvis .   q - +2 morningstar (flame)
rCold    . . .     Gourm    .   c - +0 shield
rNeg     + . .     Faith    .   l - +0 scale mail (curse)
rPois    ∞         Spirit   .   (no helmet)
rElec    +         Reflect  .   (no cloak)
rCorr    .         Harm     .   p - +0 pair of gloves
MR       .....                  (no boots)
Stlth    ..........             (no amulet)
HPRegen  0.09/turn              (no ring)
MPRegen  0.09/turn              (no ring)

@: no status effects
A: negative energy resistance 1, electricity resistance, unbreathing,
petrification resistance, rot immunity, AC +3
a: no special abilities


You were on level 3 of the Dungeon.
You were not hungry.

You visited 1 branch of the dungeon, and saw 3 of its levels.

You collected 61 gold pieces.

Inventory:

Hand Weapons
 q - a +2 morningstar of flaming (weapon)
Armour
 c - a +0 shield (worn)
 l - a cursed +0 scale mail (worn)
 p - a +0 pair of gloves (worn)
Scrolls
 b - a scroll of enchant weapon {unknown}
 e - 4 scrolls of identify {unknown}
 j - a scroll of amnesia {unknown}
 k - a scroll of remove curse {unknown}
 n - 2 scrolls of teleportation {unknown}
Potions
 a - a potion of ambrosia {unknown}
 d - a potion of might
 g - a potion of brilliance {unknown}
 h - 2 potions of cancellation {unknown}
 i - a potion of curing {unknown}
 m - a potion of flight {unknown}
 o - a potion of lignification {unknown}
Comestibles
 f - 5 rations


   Skills:
 + Level 4.3 Fighting
 * Level 4.0 Maces & Flails
 - Level 3.2 Armour
 - Level 3.2 Shields


You had 3 spell levels left.
You didn't know any spells.

Dungeon Overview and Level Annotations

Branches:
Dungeon (3/15)

Altars:


Innate Abilities, Weirdness & Mutations

You are resistant to torment.
Your stone body is resilient. (AC +3)
You are immune to poison.
You resist negative energy. (rN+)
You are resistant to electric shocks. (rElec)
You can survive without breathing.
You are immune to petrification.
You are immune to rotting.


Message History

You are too injured to fight recklessly!
You are too injured to fight recklessly!
You are too injured to fight recklessly!
You are too injured to fight recklessly!
You are too injured to fight recklessly!
You are too injured to fight recklessly!
You are too injured to fight recklessly!
You are too injured to fight recklessly!
You are too injured to fight recklessly!
You are too injured to fight recklessly!
You are too injured to fight recklessly!
You are too injured to fight recklessly!
You are too injured to fight recklessly!
You are too injured to fight recklessly!
You are too injured to fight recklessly!
You are too injured to fight recklessly!
Unknown command.
The orc priest invokes the aid of Beogh against you.
Beogh smites you!
You die...

♣+.♣.....# ..........# .
..........# ...
..........# ....
...o...... .....
.........##$....#
.....o..†'......#
....oo)..##.....###
#.....S@.†.......
.........###+#...#
..........##.#...#
>..######.##.#...#
...........#.#...#####+##
. .......#.#......#......
.......#........#......
.......##.......#......
....... #..#...##......


You could see an orc priest, an adder and 3 orcs.

Vanquished Creatures
  6 adders (D:2)
  A leopard gecko (D:2)
  2 orcs
  3 giant cockroaches
  8 goblins
  6 hobgoblins
  3 kobolds
  A quokka (D:2)
  5 bats
  4 frilled lizards
  5 rats
44 creatures vanquished.

Notes
Turn   | Place    | Note
-------+----------+-------------------------------------------
     0 | D:1      | Zhenya24pyc the Gargoyle Fighter began the quest for the Orb.
     0 | D:1      | Reached XP level 1. HP: 14/14 MP: 1/1
   121 | D:1      | Reached XP level 2. HP: 12/19 MP: 2/2
   673 | D:2      | Reached XP level 3. HP: 21/24 MP: 3/3
   808 | D:2      | Reached XP level 4. HP: 29/29 MP: 4/4
  1596 | D:3      | Killed from afar by an orc priest

Skill      XL: |  1  2  3  4 |
---------------+-------------+-----
Maces & Flails | 3 4 |  4.0
Fighting       | 4 |  4.3
Armour         | |  3.2
Shields        | |  3.2

Action                   |  1- 3 |  4- 6 || total
-------------------------+-------+-------++-------
Melee: Flail             |   111 |    43 ||   154
       Morningstar       |       |    25 ||    25
  Eat: Chunk             |       |     3 ||     3
Armor: Scale mail        |    59 |    34 ||    93
Dodge: Dodged            |    31 |    16 ||    47
Block: Shield            |    50 |    36 ||    86
